 Seeded DCSS version 0.31-a0-180-g519b7de00c (webtiles) character file.

Game seed: 18402847756181476443 (custom seed)

40 innerfire43 the Trooper (level 3, -3/29 HPs)
             Began as a Demonspawn Monk on June 19, 2023.
             Killed from afar by Sigmund (4 damage)
             ... with a magic dart
             ... on level 2 of the Dungeon.
             The game lasted 00:01:34 (972 turns).

innerfire43 the Trooper (Demonspawn Monk)            Turns: 972, Time: 00:01:34

Health: -3/29      AC:  2    Str: 13    XL:     3   Next: 30%
Magic:  3/3        EV: 13    Int: 11    God:
Gold:   100        SH:  0    Dex: 17    Spells: 2/2 levels left

rFire   . . .        a - +0 spear
rCold   . . .        d - orb {light}
rNeg    . . .        b - +0 robe
rPois   .            (no helmet)
rElec   .            (no cloak)
rCorr   .            (no gloves)
SInv    .            (no boots)
Will    .....        (no amulet)
Stlth   +            (no ring)
HPRegen 0.24/turn    (no ring)
MPRegen 0.08/turn

%: no passive effects
@: glowing
A: thin skeletal structure 1, demonic magic 1
a: no special abilities


You were on level 2 of the Dungeon.
You visited 1 branch of the dungeon, and saw 2 of its levels.

You collected 100 gold pieces.

Inventory:

Hand Weapons
 a - a +0 spear (weapon)
Armour
 b - a +0 robe (worn)
 d - an orb of light (worn)
Scrolls
 e - 2 scrolls of enchant armour {unknown}
 f - 2 scrolls of identify {unknown}
 h - 2 scrolls of enchant weapon {unknown}
 i - 2 scrolls of teleportation {unknown}
 k - a scroll of poison
Potions
 g - a potion of invisibility {unknown}
 j - a potion of heal wounds {unknown}


   Skills:
 + Level 3.4 Fighting
 + Level 3.3 Polearms
 * Level 3.1 Dodging


You had 2 spell levels left.
You didn't know any spells.
Your spell library contained the following spells:

 Spells                   Type           Power      Damage    Failure   Level
 Poisonous Vapours        Pois/Air       0%         N/A       47%         2
 Mephitic Cloud           Conj/Pois/Air  0%         N/A       71%         3
 Freezing Cloud           Conj/Ice/Air   0%         6-21      100%        5


Dungeon Overview and Level Annotations

Branches:
Dungeon (2/15)

Altars:

Annotations:
D:2 Sigmund


Innate Abilities, Weirdness & Mutations

You have a somewhat thin skeletal structure. (Dex +2, Stealth+)
Spells you cast may paralyse adjacent enemies.


Message History

Reach: a) +0 spear
Press: ? - help, Dir - move target, f/p - Sigmund
Aim: Sigmund, wielding a +0 scythe and wearing a +0 robe (lightly wounded, haloed, about 23% to evade your +0 spear)
You reach to attack!
You hit Sigmund.
Sigmund is moderately wounded.
Reach: a) +0 spear
Press: ? - help, Dir - move target, f/p - Sigmund
Aim: Sigmund, wielding a +0 scythe and wearing a +0 robe (moderately wounded, haloed, about 23% to evade your +0 spear)
You reach to attack!
You hit Sigmund.
Sigmund is heavily wounded.
Sigmund barely misses you.
Reach: a) +0 spear
Press: ? - help, Dir - move target, f/p - Sigmund
Aim: Sigmund, wielding a +0 scythe and wearing a +0 robe (heavily wounded, haloed, about 23% to evade your +0 spear)
You reach to attack!
You barely miss Sigmund.
Sigmund is heavily wounded.
Sigmund gestures at you while chanting.
You are confused.
You're too confused to aim your attacks!
Unknown command.
You're too confused to aim your attacks!
Sigmund hits you from afar with a +0 scythe.
You bump into the rock wall.
You bump into the rock wall.
Sigmund is suddenly surrounded by pale blue light.
Sigmund casts a spell at you. The magic dart hits you.
You feel less confused.
Sigmund gestures wildly while chanting.
Sigmund flickers and vanishes for a moment.
You hit Sigmund.
Sigmund is severely wounded.
Sigmund gestures at you while chanting. The puff of flame hits you!
* * * LOW HITPOINT WARNING * * *
You hit Sigmund.
Sigmund is almost dead.
Sigmund gestures at you while chanting. The magic dart hits you.
You die...

###### #####....#####
.......@..#..#
######.#@#.#.##
##.#.#...#
#.#..(#..##########
#...#.#............#
......#.#.#.........#..
........)....######.#..
.)....##.#.#.# #.#..
...... #.#.#.# #.#..


You could see Sigmund (invisible).

Vanquished Creatures
  2 adders (D:2)
  2 bats (D:1)
  3 endoplasms
  2 giant cockroaches (D:1)
  2 goblins (D:1)
  2 hobgoblins (D:1)
  A kobold (D:1)
  2 quokkas (D:1)
  2 ball pythons
  3 rats
21 creatures vanquished.

Notes
Turn   | Place    | Note
-------+----------+-------------------------------------------
     0 | D:1      | innerfire43 the Demonspawn Monk began the quest for the
                  | Orb.
     0 | D:1      | Reached XP level 1. HP: 18/18 MP: 1/1
   126 | D:1      | Gained mutation: Spells you cast may paralyse adjacent
                  | enemies. [demonic ancestry]
   126 | D:1      | Reached XP level 2. HP: 23/24 MP: 2/2
   723 | D:2      | Gained mutation: You have a somewhat thin skeletal
                  | structure. (Dex +2, Stealth+) [demonic ancestry]
   723 | D:2      | Reached XP level 3. HP: 16/29 MP: 3/3
   934 | D:2      | Noticed Sigmund
   971 | D:2      | HP: 1/29 [Sigmund/puff of flame (9)]
   972 | D:2      | Killed from afar by Sigmund

Illustrated notes

Levels and vault maps discovered:
D:1:      dpeg_arrival_prison, layout_loops_ring
D:2:      minmay_general_purpose_star, layout_loops_ring, minmay_tiny_reverse_x,
          uniq_sigmund

Skill      XL: |  1  2 |
---------------+-------+-----
Polearms       | 3 |  3.3
Dodging        | 3 |  3.1
Fighting       | |  3.4

Action                     || total
---------------------------++-------
  Melee: Spear             ||    78
    Use: Scroll            ||     2
         Potion            ||     1
   Stab: Sleeping          ||     1
 Armour: Robe              ||     6
  Dodge: Dodged            ||    31

Table legend: (Time is in decaauts)
 A = Elapsed time spent in this place.
 B = Non-inter-level travel time spent in this place.
 C = Inter-level travel time spent in this place.
 D = Time resting spent in this place.
 E = Time spent auto-exploring this place.
 F = Levels seen in this place.
 G = Mean time per level.
                   A        B        C        D        E       F      G
               +--------+--------+--------+--------+--------+-----+--------+
         Total |    967 |    867 |    100 |      0 |    695 |   2 |  483.5 |
       Dungeon |    967 |    867 |    100 |      0 |    695 |   2 |  483.5 |
               +--------+--------+--------+--------+--------+-----+--------+

Top non-repeatable levels by time:
     D:1: 709 daAuts
     D:2: 257 daAuts
